 Dungeon Crawl Stone Soup version 0.26.0-15-gc6cd9f7 (webtiles) character file.

Game seed: 8374571885382669427

1070 garbled the Sneak (level 8, -6/57 HPs)
             Began as a Vampire Earth Elementalist on Jan 22, 2021.
             Was a Believer of Sif Muna.
             Hit by a boomerang thrown by an orc warrior (19 damage)
             ... on level 5 of the Dungeon.
             The game lasted 00:15:27 (4266 turns).

garbled the Sneak (Vampire Earth Elementalist)      Turns: 4266, Time: 00:15:27

Health: -6/57      AC:  5    Str:  9    XL:     8   Next: 7%
Magic:  3/13       EV: 12    Int: 18    God:    Sif Muna [**....]
Gold:   318        SH:  0    Dex: 14    Spells: 8/14 levels left

rFire    . . .     SeeInvis +   A - +2 dagger (venom)
rCold    . . .     Faith    .   (no shield)
rNeg     . . .     Spirit   .   c - +0 robe
rPois    .         Reflect  .   j - +0 helmet
rElec    .         Harm     .   G - +0 cloak
rCorr    .         Rampage  .   d - +0 pair of gloves
Will     .....                  (no boots)
Stlth    +++.......             (no amulet)
HPRegen  0.39/turn              (no ring)
MPRegen  0.13/turn              (no ring)

@: regenerating quickly
A: fangs 3, see invisible, unbreathing
a: Exsanguinate, Renounce Religion, Channel Magic


You were on level 5 of the Dungeon.
You worshipped Sif Muna.
Sif Muna was pleased with you.
You visited 1 branch of the dungeon, and saw 5 of its levels.

You collected 318 gold pieces.

Inventory:

Hand Weapons
 g - a +0 dagger
 r - a +0 hunting sling
 w - a +1 short sword of freezing
 y - a +3 dagger of speed
 A - a +2 dagger of venom (weapon)
Missiles
 b - 56 stones
Armour
 a - a +0 kite shield
 c - a +0 robe (worn)
 d - a +0 pair of gloves (worn)
 j - a +0 helmet (worn)
 G - a +0 cloak (worn)
Jewellery
 x - an uncursed ring of resist corrosion
Wands
 u - a wand of polymorph (6)
 C - a wand of random effects (12)
Scrolls
 f - a scroll of fog {unknown}
 h - a scroll of blinking {unknown}
 i - a scroll of amnesia {unknown}
 m - 5 scrolls of identify {unknown}
 o - a scroll of enchant armour {unknown}
 p - 2 scrolls of remove curse {unknown}
 t - a scroll of immolation {unknown}
 F - a scroll of teleportation {unknown}
Potions
 e - 4 potions of heal wounds {unknown}
 k - a potion of ambrosia {unknown}
 l - a potion of might {unknown}
 n - 2 potions of brilliance {unknown}
 q - a potion of haste
 s - a potion of berserk rage {unknown}
 v - a potion of curing {unknown}
 z - 2 potions of cancellation {unknown}
 B - 3 potions of degeneration {unknown}
 D - a potion of flight {unknown}
 E - a potion of lignification {unknown}


   Skills:
 + Level 2.8 Fighting
 + Level 3.2 Short Blades
 - Level 2.1 Dodging
 + Level 5.8 Stealth
 + Level 3.6 Spellcasting
 * Level 0.4 Conjurations
 - Level 1.1 Transmutations
 - Level 5.4 Earth Magic
 * Level 4.0 Invocations


You had 8 spell levels left.
You knew the following spells:

 Your Spells              Type           Power        Failure   Level
a - Sandblast             Erth           44%          1%          1
b - Passwall              Tmut/Erth      12%          6%          2
c - Stone Arrow           Conj/Erth      26%          14%         3

Your spell library contained the following spells:

 Spells                   Type           Power        Failure   Level
 Petrify                  Tmut/Erth      15%          36%         4
 Lee's Rapid Deconstruct  Erth           11%          41%         5


Dungeon Overview and Level Annotations

Branches:
Dungeon (5/15)
 Temple: D:4-7

Altars:
Elyvilon
Fedhas
Kikubaaqudgha
Nemelex Xobeh
Qazlal
Sif Muna
Uskayaw
Wu Jian
Zin
The Shining One


Innate Abilities, Weirdness & Mutations

Your natural rate of healing is unusually fast.
You have razor-sharp teeth.
You have supernaturally acute eyesight. (SInv)
You can survive without breathing.


Message History

Aim: an orc warrior, wielding a +0 glaive, wearing a +0 plate armour and quivering 7 boomerangs (moderately wounded, 32% to evade)
The stone arrow hits the orc warrior!
The orc warrior is severely wounded.
The orc warrior throws a boomerang.
The boomerang hits you but does no damage.
The weapon returns to the orc warrior!
Unknown command.
The orc warrior throws a boomerang.
The boomerang hits you!
The weapon returns to the orc warrior!
Items here: $ ( ) [.
The orc warrior throws a boomerang.
The boomerang hits you!!
The weapon returns to the orc warrior!
Your magical contamination has completely faded away.
The orc warrior throws a boomerang.
The boomerang hits you!!
* * * LOW HITPOINT WARNING * * *
The weapon returns to the orc warrior!
Things that are here:
a +0 chain mail; a +0 dagger; a +0 robe The orc warrior throws a boomerang.
The boomerang hits you!!
You die...

##... #..# ##..## ##.
##....##
.....#####.<....###
#....†...........###
#............#......#..##
..............#...........
...##........@###.... ....
.# ##.##......#...# #..##
#. ###..o....## #...# #.
##.....## #... #. ##...##
##..### ##..### #...oo##
#...o.####.†.#..#
#..##.oo.##)..##.o# #..#
###.)o...†# ...


You could see an orc warrior and 2 orcs.

Vanquished Creatures
  Grinder (D:3)
  Sigmund (D:4)
  3 ogres (D:4)
  A big kobold (D:2)
  A water moccasin skeleton (D:4)
  A howler monkey (D:4)
  A centaur skeleton (D:4)
  Jessica (D:3)
  3 orc wizards (D:5)
  A howler monkey skeleton (D:4)
  5 adders
  An ooze (D:2)
  2 worms
  4 dart slugs
  4 leopard geckos
  19 orcs
  3 ball pythons
  6 bats
  3 giant cockroaches
  4 goblins
  5 hobgoblins
  6 jackals (D:5)
  2 quokkas (D:3)
  4 frilled lizards
  3 kobolds (D:3)
  A quokka skeleton (D:4)
  9 rats
95 creatures vanquished.

Notes
Turn   | Place    | Note
-------+----------+-------------------------------------------
     0 | D:1      | garbled the Vampire Earth Elementalist began the quest for
                  | the Orb.
     0 | D:1      | Reached XP level 1. HP: 13/13 MP: 3/3
   374 | D:1      | Reached XP level 2. HP: 19/19 MP: 5/5
   781 | D:2      | Found a shimmering blue altar of Sif Muna.
   784 | D:2      | Became a worshipper of Sif Muna the Loreminder
   833 | D:2      | Reached skill level 1 in Short Blades
   915 | D:2      | Found a glowing golden altar of the Shining One.
  1065 | D:2      | Reached XP level 3. HP: 25/25 MP: 2/6
  1315 | D:2      | Found a stormy altar of Qazlal.
  1421 | D:3      | Noticed Terence
  1487 | D:3      | Noticed a big kobold
  1495 | D:2      | Killed a big kobold
  1496 | D:2      | Reached skill level 1 in Fighting
  1496 | D:2      | Reached skill level 1 in Invocations
  1496 | D:2      | Reached XP level 4. HP: 21/28 MP: 0/7
  1560 | D:2      | Learned a level 2 spell: Passwall
  1564 | D:2      | Learned a level 3 spell: Stone Arrow
  1651 | D:3      | Found an ancient bone altar of Kikubaaqudgha.
  1652 | D:3      | Found a sparkling altar of Nemelex Xobeh.
  1681 | D:3      | Noticed Terence
  1681 | D:3      | Terence changed into Terence the bat
  1684 | D:3      | Killed Terence the bat
  1896 | D:3      | Reached XP level 5. HP: 28/33 MP: 8/8
  2026 | D:3      | Found a glowing silver altar of Zin.
  2028 | D:3      | Found a blossoming altar of Fedhas.
  2197 | D:3      | Reached * piety under Sif Muna
  2262 | D:3      | Noticed Grinder
  2265 | D:3      | Paralysed by Grinder for 7 turns
  2287 | D:3      | Killed Grinder
  2288 | D:3      | Reached XP level 6. HP: 44/44 MP: 0/10
  2452 | D:3      | Found an ornate altar of the Wu Jian Council.
  2567 | D:3      | Noticed Jessica
  2571 | D:3      | Killed Jessica
  2825 | D:4      | Noticed Sigmund
  2832 | D:4      | Killed Sigmund
  2833 | D:4      | Reached skill level 5 in Stealth
  2833 | D:4      | Reached XP level 7. HP: 39/50 MP: 5/11
  3020 | D:4      | Reached skill level 5 in Earth Magic
  3220 | D:4      | Found a white marble altar of Elyvilon.
  3227 | D:4      | Found a hide-covered altar of Uskayaw.
  3848 | D:4      | Reached ** piety under Sif Muna
  4109 | D:5      | Entered Level 5 of the Dungeon
  4162 | D:5      | Reached XP level 8. HP: 57/57 MP: 8/13
  4266 | D:5      | Hit by a boomerang thrown by an orc warrior

Illustrated notes

Levels and vault maps discovered:
D:1:      evilmike_arrival_plus, layout_basic, feat_on_display
D:2:      layout_loops_ring, lemuel_crystal_altar, lemuel_blue_sif_altar,
          nicolae_qazlal_eye_of_the_storm
D:3:      layout_basic, nicolae_overflow_hidden_temple, old_standard_altar,
          uniq_jessica, uniq_terence, uniq_grinder
D:4:      layout_loops_ring, minitemple, kennysheep_generic_room_13,
          uniq_sigmund
D:5:      layout_layer_cave, temple_pool_b, guppyfry_early_orc_mine,
          uniq_crazy_yiuf_cottage

Skill      XL: |  1  2  3  4  5  6  7  8 |
---------------+-------------------------+-----
Short Blades   | 1 2 3 |  3.2
Fighting       | 1 2 |  2.8
Invocations    | 1 2 3 4 |  4.0
Stealth        | 4 5 |  5.8
Earth Magic    | 4 5 |  5.4
Spellcasting   | 3 |  3.6
Dodging        | |  2.1
Conjurations   | |  0.4
Transmutations | |  1.1

Action                   |  1- 3 |  4- 6 |  7- 9 || total
-------------------------+-------+-------+-------++-------
Melee: Dagger            |   100 |    58 |    43 ||   201
       Bite              |     7 |     9 |     4 ||    20
       Short sword       |       |    27 |       ||    27
 Cast: Sandblast         |    17 |    29 |    31 ||    77
       Stone Arrow       |       |     5 |    22 ||    27
 Abil: Exsanguinate      |     1 |       |       ||     1
       Revivify          |     1 |       |       ||     1
Evoke: Wand              |       |     1 |       ||     1
 Stab: Sleeping          |     6 |     5 |       ||    11
       Distracted        |       |       |     1 ||     1
Armor: Robe              |    28 |    29 |    17 ||    74
       Skin              |       |     6 |       ||     6
Dodge: Dodged            |    65 |    62 |    38 ||   165
